 Dungeon Crawl Stone Soup version 0.31.0-32-g396128a36d (webtiles) character file.

Game seed: 11032301163714991614

537 Silvore the Cudgeller (level 7, -2/61 HPs)
             Began as a Minotaur Fighter on Mar 20, 2024.
             Was an Initiate of Elyvilon.
             Slain by an orc warrior
             ... wielding a +0 short sword
              (4 damage)
             ... on level 7 of the Dungeon.
             The game lasted 00:03:24 (3061 turns).

Silvore the Cudgeller (Minotaur Fighter)            Turns: 3061, Time: 00:03:25

Health: -2/61      AC: 10    Str: 22    XL:     7   Next: 5%
Magic:  6/6        EV: 10    Int:  5    God:    Elyvilon [......]
Gold:   104        SH:  0    Dex: 10    Spells: 6/6 levels left

rFire   . . .        a - +0 flail
rCold   . . .        c - +0 buckler
rNeg    . . .        b - +0 scale mail
rPois   .            (helmet restricted)
rElec   .            (no cloak)
rCorr   .            o - +0 pair of gloves
SInv    .            h - +1 pair of boots
Will    .....        (no amulet) Stlth
                     (no ring)
HPRegen 0.30/turn    (no ring)
MPRegen 0.10/turn

%: no passive effects
@: confused
A: horns 2, retaliatory headbutt
a: Renounce Religion


You were on level 7 of the Dungeon.
You worshipped Elyvilon.
Elyvilon was noncommittal.
You visited 2 branches of the dungeon, and saw 6 of its levels.

You collected 104 gold pieces.

Inventory:

Hand Weapons
 a - a +0 flail (weapon)
Armour
 b - a +0 scale mail (worn)
 c - a +0 buckler (worn)
 h - a +1 pair of boots (worn)
 o - a +0 pair of gloves (worn)
Jewellery
 u - a ring of magical power
Scrolls
 d - a scroll of amnesia {unknown}
 e - a scroll of enchant weapon {unknown}
 f - a scroll of identify {unknown}
 g - a scroll of vulnerability {unknown}
 i - 2 scrolls of teleportation {unknown}
 j - a scroll of summoning {unknown}
 p - 2 scrolls of fog {unknown}
 q - a scroll of silence {unknown}
 r - a scroll of revelation {unknown}
 s - a scroll of noise {unknown}
Potions
 k - 4 potions of curing {unknown}
 l - a potion of ambrosia {unknown}
 m - 2 potions of invisibility {unknown}
 n - a potion of enlightenment {unknown}
 t - a potion of attraction {unknown}


   Skills:
 + Level 5.1 Fighting
 + Level 6.0 Maces & Flails
 + Level 5.3 Armour
 + Level 2.4 Dodging
 + Level 1.1 Stealth
 + Level 4.4 Shields


You had 6 spell levels left.
You didn't know any spells.
Your spell library was empty.

Dungeon Overview and Level Annotations

Branches:
Dungeon (7/15)             Temple (1/1) D:7

Altars:
Ashenzari
Elyvilon
Gozag
Hepliaklqana
Makhleb
Nemelex Xobeh
Qazlal
Ru
Trog
Uskayaw
Vehumet
Wu Jian
Xom
Yredelemnul
The Shining One


Innate Abilities, Weirdness & Mutations

You have a pair of horns on your head.
You reflexively headbutt those who attack you in melee.


Message History

Deactivating autopickup; reactivate with Ctrl-A.
The orc warrior barely misses you. The orc hits you but does no damage.
The orc priest completely misses you.
The orc warrior unwields a +0 short sword.
The orc warrior wields a +0 orcbow.
The orc warrior shoots an arrow.
The arrow hits you.
* * * LOW HITPOINT WARNING * * *
The orc attacks as it pursues you! The orc completely misses you.
The orc priest hits you with a +0 dagger.
* * * LOW HITPOINT WARNING * * *
You hear a shout!
You feel less confused.
You hear some strange, mumbled words.
You are confused.
An orc comes into view. It is wielding a +0 whip.
The orc shouts!
Something hits you but does no damage.
A hornet comes into view.
The hornet buzzes angrily.
You hear a shout!
An orc comes into view. It is wielding a +0 dagger.
The orc priest invokes the aid of Beogh against you.
Beogh smites you!
* * * LOW HITPOINT WARNING * * *
Something hits you but does no damage.
You're too confused to move!
The orc warrior unwields a +0 orcbow.
The orc warrior wields a +0 short sword.
The orc warrior closely misses you.
The orc priest calls upon Beogh to heal the orc warrior.
The orc warrior's wounds heal themselves!
You hear some strange, mumbled words.
You are more confused.
The orc closely misses you.
You're too confused to move!
The orc warrior closely misses you.
The orc priest hits you but does no damage.
You hear some strange, mumbled words.
Something tries to affect you, but you resist.
The orc hits you but does no damage.
You're too confused to move!
The orc warrior hits you with a +0 short sword.
You die...

###'### ####.....#
#..#.⌠.⌠.#####
#..+..>..'o..#
#..#.⌠)⌠.###......
#..#.....# ....o .
#..###'### o... ..
###......### ...
o.. #..@{.......#
.. ...
#.ooo.......# . #..
#..y).......#
###...#..o........#
..................#
≈≈...o#...........#
.≈..........#+#####
.≈....#####.#
.≈.... .#


You could see a hornet, an orc warrior, an orc priest and 3 orcs.

Vanquished Creatures
  Sigmund (D:3)
  3 crimson imps (D:3)
  A bombardier beetle (D:4)
  A jelly (D:4)
  An orc priest (D:3)
  Jessica (D:2)
  3 adders (D:2)
  2 shadow imps (D:4)
  2 white imps (D:4)
  2 ufetubi (D:4)
  A dart slug (D:4)
  A ribbon worm (D:2)
  8 orcs
  5 endoplasms
  2 giant cockroaches
  6 goblins
  7 hobgoblins
  4 jackals (D:2)
  4 quokkas
  5 ball pythons
  3 bats
  4 frilled lizards
  7 kobolds
  2 rats (D:1)
76 creatures vanquished.

Vanquished Creatures (others)
  An orc wizard (D:3)
1 creature vanquished.

Grand Total: 77 creatures vanquished

Notes
Turn   | Place    | Note
-------+----------+-------------------------------------------
     0 | D:1      | Silvore the Minotaur Fighter began the quest for the Orb.
     0 | D:1      | Reached XP level 1. HP: 19/19 MP: 0/0
   347 | D:1      | Reached XP level 2. HP: 25/27 MP: 1/1
   841 | D:2      | Noticed Jessica
   845 | D:2      | Reached XP level 3. HP: 32/33 MP: 2/2
   847 | D:2      | Killed Jessica
   848 | D:2      | Reached skill level 3 in Maces & Flails
   933 | D:2      | Reached XP level 4. HP: 37/41 MP: 3/3
  1397 | D:3      | Found a broken altar of Ashenzari.
  1414 | D:3      | Reached skill level 4 in Maces & Flails
  1424 | D:3      | Reached skill level 1 in Stealth
  1424 | D:3      | Reached XP level 5. HP: 10/47 MP: 4/4
  1601 | D:3      | Noticed Sigmund
  1624 | D:3      | Killed Sigmund
  1625 | D:3      | Reached skill level 5 in Maces & Flails
  1625 | D:3      | Reached skill level 5 in Armour
  1625 | D:3      | Reached skill level 1 in Dodging
  1625 | D:3      | Reached XP level 6. HP: 22/55 MP: 5/5
  1792 | D:3      | Found a shimmering altar of Xom.
  2365 | D:3      | Found an ornate altar of the Wu Jian Council.
  2734 | D:4      | Reached skill level 5 in Fighting
  2734 | D:4      | Reached XP level 7. HP: 21/61 MP: 6/6
  2745 | D:4      | Reached skill level 6 in Maces & Flails
  2911 | D:4      | You fall into a shaft and drop 3 floors!
  2924 | D:7      | Found a staircase to the Ecumenical Temple.
  2937 | Temple   | Entered the Ecumenical Temple
  3006 | Temple   | Became a worshipper of Elyvilon the Healer
  3057 | D:7      | Noticed a hornet
  3058 | D:7      | HP: 1/61 [orc priest/divine providence (15)]
  3061 | D:7      | Slain by an orc warrior

Illustrated notes

Levels and vault maps discovered:
D:1:      minmay_arrival_widening_spiral_narrow, layout_loops_ring
D:2:      layout_basic, uniq_jessica
D:3:      layout_loops_ring, ashenzari_conservatory_becter, led_xom_imps,
          nicolae_wu_jian_immortal_techniques, minivault_19, st_stairs_14,
          uniq_sigmund
D:4:      layout_layer_cave, serial_demonic, serial_demonic_f, serial_demonic_d,
          serial_demonic_g, serial_demonic_d, serial_demonic_g, serial_demonic_d
D:7:      layout_basic, mainiacjoe_overflow_catwalk_spiral,
          minmay_temple_entry_hall, nicolae_ossuary_entry_ruins
Temple:   hc_temple_tempest_star

Skill      XL: |  1  2  3  4  5  6  7 |
---------------+----------------------+-----
Armour         | 4 5 |  5.3
Fighting       | 4 5 |  5.1
Maces & Flails | 3 4 5 6 |  6.0
Shields        | 4 |  4.4
Stealth        | 1 |  1.1
Dodging        | 1 2 |  2.4

Action                     |  1- 3 |  4- 6 |  7- 9 || total
---------------------------+-------+-------+-------++-------
  Melee: Flail             |    54 |   144 |    15 ||   213
         Headbutt          |     3 |    23 |     2 ||    28
    Use: Potion            |       |     1 |       ||     1
 Armour: Scale mail        |    39 |    92 |    33 ||   164
  Dodge: Dodged            |    30 |    49 |    26 ||   105
  Block: Buckler           |    16 |    37 |     1 ||    54
